 Dungeon Crawl Stone Soup version 0.28-a0-1395-g4f6bc678fa (webtiles) character file.

Game seed: 6066751419713797053

1397 fragbeetle the Cudgeller (level 8, -15/79 HPs)
             Began as a Troll Berserker on Jan 5, 2022.
             Was an Elder of Trog.
             Demolished by a two-headed ogre (28 damage)
             ... on level 6 of the Dungeon.
             The game lasted 00:09:12 (4057 turns).

fragbeetle the Cudgeller (Troll Berserker)          Turns: 4057, Time: 00:09:13

Health: -15/79     AC:  4    Str: 26    XL:     8   Next: 41%
Magic:  7/7        EV: 10    Int: 11    God:    Trog [****..]
Gold:   176        SH:  0    Dex:  9    Spells: 7/7 levels left

rFire   . . .      SeeInvis .   k - +2 whip (elec)
rCold   . . .      Faith    .   (no shield)
rNeg    . . .      Spirit   .   b - +0 animal skin
rPois   .          Reflect  .   (helmet restricted)
rElec   .          Harm     .   (no cloak)
rCorr   .          Rampage  .   (gloves unavailable)
Will    .....                   (boots unavailable)
Stlth   +.........              j - amulet of regeneration
HPRegen 1.83/turn               n - ring of flight
MPRegen 0.10/turn               i - +6 ring of intelligence

@: flying
A: large, unfitting armour, claws 3, regeneration 1, shaggy fur 1, tough skin 1
a: Renounce Religion, Berserk, Trog's Hand, Brothers in Arms


You were on level 6 of the Dungeon.
You worshipped Trog.
Trog was greatly pleased with you.
You visited 1 branch of the dungeon, and saw 6 of its levels.

You collected 176 gold pieces.

Inventory:

Hand Weapons
 a - a +0 mace
 k - a +2 whip of electrocution (weapon)
 u - a +0 giant club
 y - a +0 giant spiked club
Missiles
 e - 145 stones
 f - 12 boomerangs (quivered)
Armour
 b - a +0 animal skin (worn)
Jewellery
 i - a +6 ring of intelligence (right claw)
 j - an amulet of regeneration (around neck)
 n - a ring of flight (left claw)
 v - an amulet of reflection
Wands
 m - a wand of mindburst (29)
Scrolls
 c - a scroll of torment {unknown}
 d - 2 scrolls of fog {unknown}
 g - a scroll of enchant weapon {unknown}
 p - 2 scrolls of teleportation {unknown}
 q - 2 scrolls of identify {unknown}
 x - a scroll of enchant armour {unknown}
 A - a scroll of vulnerability {unknown}
Potions
 h - a potion of degeneration {unknown}
 l - a potion of heal wounds {unknown}
 o - 2 potions of cancellation {unknown}
 r - a potion of flight {unknown}
 s - a potion of curing {unknown}
 t - a potion of resistance {unknown}
 w - a potion of might {unknown}
 z - a potion of invisibility {unknown}


   Skills:
 + Level 4.4 Fighting
 * Level 6.4 Maces & Flails
 + Level 3.6 Throwing
 + Level 4.4 Dodging
 + Level 1.8 Evocations


You had 7 spell levels left.
You didn't know any spells.
Your spell library was empty.

Dungeon Overview and Level Annotations

Branches:
Dungeon (6/15)
 Temple: D:4-7

Altars:
Cheibriados
Okawaru
Qazlal
Sif Muna
Xom

Shops:
D:2 :


Innate Abilities, Weirdness & Mutations

You are too large for most types of armour.
You have claws for hands.
Your natural rate of healing is unusually fast.
You are covered in fur. (AC +1)
You have tough skin. (AC +1)


Message History

There is an open door here.
There is a fountain of clear blue water here.
There is a stone staircase leading down here.
You fly downwards.
Found a stone staircase leading up.
There is a stone staircase leading up here.
A two-headed ogre comes into view.
It is wielding a +0 giant club and a +0 giant spiked club.
The two-headed ogre shouts in stereo!
You throw a boomerang. The boomerang hits the two-headed ogre.
The two-headed ogre is lightly wounded.
You throw a boomerang. The boomerang hits the two-headed ogre.
The two-headed ogre is lightly wounded.
You throw a boomerang.
The boomerang barely misses the two-headed ogre.
You throw a boomerang. The boomerang hits the two-headed ogre!
The two-headed ogre is moderately wounded.
You hit the two-headed ogre.
The two-headed ogre is moderately wounded.
The two-headed ogre hits you with a +0 giant club!!
The two-headed ogre barely misses you.
You hit the two-headed ogre.
The two-headed ogre is moderately wounded.
You hit the two-headed ogre.
Lightning courses through the two-headed ogre!
The two-headed ogre is severely wounded.
The two-headed ogre hits you with a +0 giant club!
The two-headed ogre hits you with a +0 giant spiked club!!
You hit the two-headed ogre.
The two-headed ogre is severely wounded.
The two-headed ogre hits you with a +0 giant club!
* * * LOW HITPOINT WARNING * * *
The two-headed ogre barely misses you.
You barely miss the two-headed ogre.
The two-headed ogre is severely wounded.
You hit the two-headed ogre.
The two-headed ogre is severely wounded.
The two-headed ogre hits you with a +0 giant club.
* * * LOW HITPOINT WARNING * * *
The two-headed ogre hits you with a +0 giant spiked club!!
You die...

# .# #
###.#.#
###<....#
#.@.....#
#O#.....#
#.#.#...#
#.#.....#
#.....<...
.......#.##
.......#...
.......+ ..


You could see a two-headed ogre.

Vanquished Creatures
  A water moccasin (D:5)
  An ice beast (D:5)
  A sky beast (D:5)
  A necrophage (D:5)
  2 ogres
  A scorpion (D:5)
  2 water moccasin skeletons (D:5)
  2 centaur zombies (D:5)
  3 hounds (D:5)
  3 orc priests (D:5)
  A jelly (D:5)
  3 bullfrog skeletons
  A centaur skeleton (D:4)
  Jessica (D:3)
  An iguana (D:5)
  An orc wizard (D:5)
  Natasha (thrice) (D:3)
  Robin (D:3)
  4 adders
  A white imp (D:5)
  2 ufetubi
  2 adder skeletons
  3 dart slugs
  7 orcs
  3 bats
  5 endoplasms
  8 giant cockroaches
  5 hobgoblins
  3 jackals (D:1)
  8 kobolds
  6 quokkas
  8 ball pythons
  2 frilled lizards (D:2)
  13 goblins
  4 rats
113 creatures vanquished.

Notes
Turn   | Place    | Note
-------+----------+-------------------------------------------
     0 | D:1      | fragbeetle the Troll Berserker began the quest for the Orb.
     0 | D:1      | Reached XP level 1. HP: 22/22 MP: 0/0
   212 | D:1      | Reached skill level 3 in Maces & Flails
   229 | D:1      | Reached XP level 2. HP: 29/29 MP: 1/1
   400 | D:1      | Found a faded altar of an unknown god.
   809 | D:2      | Reached XP level 3. HP: 28/36 MP: 2/2
   911 | D:2      | Reached ** piety under Trog
  1054 | D:2      | Found Ufeses's Book Shop.
  1146 | D:2      | Reached XP level 4. HP: 43/44 MP: 3/3
  1404 | D:3      | Reached skill level 1 in Throwing
  1579 | D:3      | Noticed Jessica
  1585 | D:3      | Killed Jessica
  1615 | D:3      | Noticed Robin
  1622 | D:3      | Killed Robin
  1644 | D:3      | Reached *** piety under Trog
  1649 | D:3      | Reached XP level 5. HP: 40/53 MP: 4/4
  1790 | D:3      | Found a snail-covered altar of Cheibriados.
  1910 | D:3      | Noticed Natasha
  1917 | D:3      | Killed Natasha
  1918 | D:3      | Reached skill level 4 in Maces & Flails
  1931 | D:3      | Found a shimmering altar of Xom.
  1951 | D:3      | Found an iron altar of Okawaru.
  1951 | D:3      | Found a stormy altar of Qazlal.
  2047 | D:3      | Found a shimmering altar of Xom.
  2068 | D:3      | Found an iron altar of Okawaru.
  2068 | D:3      | Found a stormy altar of Qazlal.
  2118 | D:3      | Noticed Natasha
  2126 | D:3      | Killed Natasha
  2311 | D:3      | Noticed Natasha
  2320 | D:3      | Killed Natasha
  2347 | D:4      | Noticed an ogre
  2352 | D:4      | Killed an ogre
  2353 | D:4      | Reached XP level 6. HP: 53/61 MP: 5/5
  2877 | D:5      | Entered Level 5 of the Dungeon
  2891 | D:5      | Noticed a sky beast
  2917 | D:5      | Killed a sky beast
  2918 | D:5      | Reached skill level 5 in Maces & Flails
  2935 | D:5      | Reached XP level 7. HP: 68/68 MP: 6/6
  3123 | D:5      | Reached skill level 1 in Evocations
  3323 | D:5      | Reached **** piety under Trog
  3324 | D:5      | Reached XP level 8. HP: 71/78 MP: 7/7
  3577 | D:5      | Reached skill level 6 in Maces & Flails
  3957 | D:5      | Found a shimmering blue altar of Sif Muna.
  4047 | D:6      | Noticed a two-headed ogre
  4057 | D:6      | Demolished by a two-headed ogre

Illustrated notes

Levels and vault maps discovered:
D:1:      psy_arrival_basics, layout_basic, ebering_ecumenical_altar_rust
D:2:      layout_rooms, serial_shops, shop, minmay_crystal_room
D:3:      layout_loops_corners, gammafunk_temple_overflow_elements,
          general_overflow_altar, kennysheep_slug_shrine, minmay_ruptured,
          uniq_robin, uniq_natasha, uniq_jessica
D:4:      layout_basic
D:5:      minmay_diamond_boxcup, layout_layer_cave, kennysheep_mini,
          minmay_statues_item, kennysheep_pointless_box, grunt_ministairs_5
D:6:      layout_basic, mainiacjoe_overflow_24_doors, marbit_many_paths,
          kennysheep_small_spiral, skrybe_limestone_x, uniq_sigmund, uniq_edmund

Skill      XL: |  1  2  3  4  5  6  7  8 |
---------------+-------------------------+-----
Maces & Flails | 3 4 5 6 |  6.4
Throwing       | 1 2 3 |  3.6
Dodging        | 3 4 |  4.4
Fighting       | 3 4 |  4.4
Evocations     | 1 |  1.8

Action                   |  1- 3 |  4- 6 |  7- 9 || total
-------------------------+-------+-------+-------++-------
Melee: Mace              |   129 |    17 |       ||   146
       Whip              |       |   142 |   132 ||   274
Throw: Boomerang         |     1 |     4 |     8 ||    13
Invok: Berserk           |     1 |       |       ||     1
       Trog's Hand       |       |       |     1 ||     1
Armor: Animal skin       |    46 |    57 |    32 ||   135
Dodge: Dodged            |    83 |    76 |    59 ||   218

Table legend: (Time is in decaauts)
 A = Elapsed time spent in this place.
 B = Non-inter-level travel time spent in this place.
 C = Inter-level travel time spent in this place.
 D = Time resting spent in this place.
 E = Time spent auto-exploring this place.
 F = Levels seen in this place.
 G = Mean time per level.
                   A        B        C        D        E       F      G
               +--------+--------+--------+--------+--------+-----+--------+
         Total |   4062 |   3980 |     82 |     53 |   2854 |   6 |  677.0 |
       Dungeon |   4062 |   3980 |     82 |     53 |   2854 |   6 |  677.0 |
               +--------+--------+--------+--------+--------+-----+--------+

Top non-repeatable levels by time:
     D:3: 1150 daAuts
     D:5: 1138 daAuts
     D:1: 797 daAuts
     D:4: 543 daAuts
     D:2: 420 daAuts
     D:6: 11 daAuts
